 Dungeon Crawl Stone Soup version 0.23.0 (webtiles) character file.

Game seed: 4424381353724676703

403 Morgius the Skirmisher (level 6, -2/102 HPs)
             Began as an Ogre Berserker on Feb 18, 2019.
             Was a Priest of Trog.
             Slain by a gnoll
             ... wielding a +0 halberd
              (15 damage)
             ... on level 5 of the Dungeon.
             The game lasted 00:05:39 (3503 turns).

Morgius the Skirmisher (Ogre Berserker)             Turns: 3503, Time: 00:05:40

Health: -2/102     AC:  4    Str: 26 (29) XL:     6   Next: 86%
Magic:  6/6        EV: 10    Int:  7 (8)  God:    Trog [***...]
Gold:   206        SH:  0    Dex:  7 (8)  Spells: 5/5 levels left

rFire    . . .     SeeInvis .   j - +1 flail (crush)
rCold    . . .     Gourm    .   (no shield)
rNeg     . . .     Faith    .   b - +1 animal skin
rPois    .         Spirit   .   (helmet restricted)
rElec    .         Reflect  .   (no cloak)
rCorr    .         Harm     .   (gloves unavailable)
MR       .....                  (boots unavailable)
Stlth    ..........             (no amulet)
HPRegen  0.27/turn              (no ring)
MPRegen  0.10/turn              (no ring)

@: berserking, very quick
A: large, unfitting armour, tough skin 1
a: Berserk, Trog's Hand, Renounce Religion


You were on level 5 of the Dungeon.
You worshipped Trog.
Trog was most pleased with you.
You were very hungry.

You visited 1 branch of the dungeon, and saw 5 of its levels.
You also visited: Sewer.

You collected 206 gold pieces.

Inventory:

Hand Weapons
 j - a +1 flail of crushing (weapon)
Armour
 b - a +1 animal skin (worn)
Jewellery
 i - a +5 ring of protection
 o - an uncursed amulet of the acrobat {unknown}
 q - an uncursed ring of see invisible {unknown}
Scrolls
 d - 7 scrolls of identify {unknown}
 f - 2 scrolls of enchant armour
 g - a scroll of random uselessness {unknown}
 h - a scroll of magic mapping
 k - 2 scrolls of teleportation {unknown}
 l - a scroll of amnesia {unknown}
 n - a scroll of remove curse {unknown}
 p - a scroll of enchant weapon {unknown}
Potions
 a - a potion of cancellation
 e - a potion of curing
 r - a potion of flight
 s - a potion of brilliance {unknown}
Comestibles
 c - 8 rations
 m - 2 chunks of flesh


   Skills:
 + Level 6.4 Fighting
 * Level 5.8 Maces & Flails
 - Level 2.6 Dodging


You had 5 spell levels left.
You didn't know any spells.
Your spell library was empty.

Dungeon Overview and Level Annotations

Branches:
Dungeon (5/15)
 Temple: D:4-7

Altars:
Gozag
Okawaru
Zin
The Shining One


Innate Abilities, Weirdness & Mutations

You are too large for most types of armour.
You have tough skin. (AC +1)


Message History

* * * LOW HITPOINT WARNING * * *
The gnoll hits you from afar with a +0 halberd!
* * * LOW HITPOINT WARNING * * *
The gnoll barely misses you.
You hear some strange, mumbled words.
You are confused.
The gnoll hits you but does no damage. The gnoll barely misses you. x2
You feel better. The gnoll barely misses you.
The gnoll hits you with a +0 spear!
* * * LOW HITPOINT WARNING * * *
The gnoll closely misses you. Something hits you but does no damage.
A red film seems to cover your vision as you go berserk!
You feel yourself moving faster!
You feel mighty!
You are feeling very hungry.
The gnoll closely misses you. The gnoll hits you with a +0 spear.
* * * LOW HITPOINT WARNING * * *
Something hits you.
* * * LOW HITPOINT WARNING * * *
You closely miss the gnoll. The gnoll hits you with a +0 halberd!
You die...

..... .. .##.... ......
.......## ......
........##.....#
................# ....
............ .....
#.)#....... .....
#g#.......
.....###g@..._...
......#.g.......#
................# ######
........##...######....##
........# #### #......#
........##### ###.....##
.........#..####.......#
#..............##.....##
#..........#...###..###


You could see 3 gnolls.

Vanquished Creatures
  A big kobold (Sewer)
  A scorpion (D:4)
  2 hounds
  Terence (D:2)
  8 adders
  3 gnolls (D:5)
  A river rat (Sewer)
  An ooze (D:1)
  3 worms
  A dart slug (D:3)
  A leopard gecko (D:2)
  6 orcs
  5 giant cockroaches
  5 goblins
  4 hobgoblins
  4 jackals
  10 kobolds
  A quokka (D:5)
  2 ball pythons
  6 bats
  6 frilled lizards
  11 rats
83 creatures vanquished.

Vanquished Creatures (others)
  5 toadstools (D:1)
5 creatures vanquished.

Grand Total: 88 creatures vanquished

Notes
Turn   | Place    | Note
-------+----------+-------------------------------------------
     0 | D:1      | Morgius the Ogre Berserker began the quest for the Orb.
     0 | D:1      | Reached XP level 1. HP: 24/24 MP: 1/1
    80 | D:1      | Reached XP level 2. HP: 15/32 MP: 2/2
   929 | D:2      | Reached XP level 3. HP: 12/40 MP: 3/3
   954 | D:2      | Noticed Terence
   966 | D:2      | Killed Terence
   966 | D:2      | Reached XP level 4. HP: 26/49 MP: 4/4
  1372 | D:2      | Reached skill level 5 in Fighting
  1417 | D:2      | Reached ** piety under Trog
  1932 | D:3      | Reached XP level 5. HP: 41/57 MP: 5/5
  2195 | D:3      | Found an opulent altar of Gozag.
  2195 | D:3      | Found a glowing silver altar of Zin.
  2284 | D:3      | Found a glowing golden altar of the Shining One.
  2713 | D:4      | Found a glowing drain.
  2734 | Sewer    | Entered a sewer
  2746 | Sewer    | Reached skill level 5 in Maces & Flails
  2824 | Sewer    | Noticed a big kobold
  2867 | Sewer    | Killed a big kobold
  2867 | Sewer    | Reached skill level 6 in Fighting
  2867 | Sewer    | Reached XP level 6. HP: 54/67 MP: 6/6
  2917 | Sewer    | Found a white marble altar of Elyvilon.
  3272 | D:5      | Entered Level 5 of the Dungeon
  3273 | D:5      | Reached *** piety under Trog
  3477 | D:5      | Found an iron altar of Okawaru.
  3503 | D:5      | Slain by a gnoll

Skill      XL: |  1  2  3  4  5 |
---------------+----------------+-----
Maces & Flails | 3 4 5 |  5.8
Fighting       | 5 6 |  6.4
Dodging        | |  2.6

Action                   |  1- 3 |  4- 6 || total
-------------------------+-------+-------++-------
Melee: Mace              |    63 |       ||    63
       Flail             |    11 |   179 ||   190
Invok: Berserk           |     1 |     1 ||     2
  Use: Potion            |     1 |     5 ||     6
       Scroll            |       |     3 ||     3
  Eat: Chunk             |       |     6 ||     6
       Ration            |       |     1 ||     1
Armor: Animal skin       |    27 |    59 ||    86
Dodge: Dodged            |    40 |    93 ||   133
